 Dungeon Crawl Stone Soup version 0.29-a0-857-g9b1aa3ac5b (webtiles) character file.

Game seed: 5813707806528148171

1028 jimonade the Conjurer (level 8, 0/46 HPs)
             Began as a Deep Elf Conjurer on July 17, 2022.
             Killed by nerve-wracking pain
             ... invoked by an orc priest
              (14 damage)
             ... on level 5 of the Dungeon.
             The game lasted 00:17:07 (7482 turns).

jimonade the Conjurer (Deep Elf Conjurer)           Turns: 7482, Time: 00:17:08

Health: 0/46       AC:  9    Str:  6    XL:     8   Next: 3%
Magic:  7/20       EV: 10    Int: 24    God:
Gold:   99         SH:  5    Dex: 13    Spells: 17/20 levels left

rFire   . . .      SeeInvis .   b - +0 sling
rCold   . . .      Faith    .   (no shield)
rNeg    . . .      Spirit   .   o - +0 swamp dragon scales
rPois   +          Reflect  +   (no helmet)
rElec   .          Harm     .   r - +0 cloak
rCorr   .          Rampage  .   l - +0 pair of gloves
Will    .....                   (no boots)
Stlth   +.........              v - amulet of reflection
HPRegen 0.15/turn               (no ring)
MPRegen 0.17/turn               (no ring)

@: no status effects
A: no striking features
a: no special abilities


You were on level 5 of the Dungeon.
You visited 1 branch of the dungeon, and saw 5 of its levels.
You also visited: Sewer.

You collected 204 gold pieces.
You spent 105 gold pieces at shops.

Inventory:

Hand Weapons
 a - a +0 dagger of venom
 b - a +0 sling (weapon)
 k - a +0 short sword
 t - a +0 dagger
 D - a +1 antimagic short sword
 F - a +3 short sword
 I - a +0 trident
Missiles
 g - 22 poisoned darts
Armour
 i - a +0 robe
 l - a +0 pair of gloves (worn)
 n - a +0 buckler
 o - +0 swamp dragon scales (worn)
 r - a +0 cloak (worn)
Magical Staves
 c - a staff of death
 z - a staff of fire
Jewellery
 f - a ring of magical power
 v - an amulet of reflection (around neck)
Wands
 y - a wand of flame (23)
Scrolls
 m - 5 scrolls of teleportation
 p - 2 scrolls of poison {unknown}
 q - a scroll of torment {unknown}
 s - 3 scrolls of immolation {unknown}
 w - 2 scrolls of magic mapping
 x - a scroll of fog {unknown}
 A - a scroll of silence {unknown}
 C - a scroll of blinking {unknown}
 K - 2 scrolls of noise {unknown}
Potions
 d - 4 potions of magic
 e - a potion of invisibility {unknown}
 h - 7 potions of curing
 j - 3 potions of degeneration {unknown}
 u - 3 potions of might
 B - a potion of berserk rage
 E - a potion of haste {unknown}
 G - a potion of ambrosia {unknown}
 H - a potion of brilliance {unknown}
 J - a potion of heal wounds {unknown}


   Skills:
 * Level 3.2 Fighting
 + Level 4.8 Ranged Weapons
 - Level 0.8 Armour
 + Level 3.5 Dodging
 - Level 2.4 Stealth
 + Level 6.8 Spellcasting
 + Level 7.0 Conjurations


You had 17 spell levels left.
You knew the following spells:

 Your Spells              Type           Power      Damage    Failure   Level
a - Magic Dart            Conj           100%       1d8       1%          1
b - Searing Ray           Conj           84%        2d7       2%          2

Your spell library contained the following spells:

 Spells                   Type           Power      Damage    Failure   Level
 Dazzling Flash           Conj/Hex       50%        N/A       21%         3
 Fulminant Prism          Conj/Hex       12%        3d9       56%         4
 Iskenderun's Mystic Bla  Conj/Tloc      25%        2d7       56%         4


Dungeon Overview and Level Annotations

Branches:
Dungeon (5/15)              Sewer (visited)
 Temple: D:4-7

Altars:
Dithmenos
Uskayaw

Shops:
D:4 ?


Message History

Casting: Searing Ray (safe; 2% risk of failure)
Confirm with . or Enter, or press ? or * to list all spells.
Aiming: Searing Ray (safe; 2% risk of failure)
Press: ? - help, Shift-Dir - straight line, f - orc priest, p - orc
Aim: an orc priest, wielding a +0 dagger and wearing a +0 chain mail (87% to hit)
The searing ray hits the orc!
You kill the orc!
The searing ray hits the orc priest.
The orc priest is moderately wounded. (Press . to maintain the ray.)
The orc priest calls down the wrath of Beogh upon you.
Pain shoots through your body!
The searing ray hits the orc priest.
The orc priest is moderately wounded.
The searing ray hits the orc priest.
The orc priest is severely wounded.
The searing ray misses the orc priest.
You finish channelling your searing ray.
The orc priest hits you but does no damage.
You block the orc priest's attack.
Casting: Searing Ray (safe; 2% risk of failure)
Confirm with . or Enter, or press ? or * to list all spells.
Aiming: Searing Ray (safe; 2% risk of failure)
Press: ? - help, Shift-Dir - straight line, f/p - orc priest
Aim: an orc priest, wielding a +0 dagger and wearing a +0 chain mail (severely wounded, 87% to hit)
Okay, then.
Casting: Searing Ray (safe; 2% risk of failure)
Confirm with . or Enter, or press ? or * to list all spells.
Aiming: Searing Ray (safe; 2% risk of failure)
Press: ? - help, Shift-Dir - straight line, f/p - orc priest
Aim: an orc priest, wielding a +0 dagger and wearing a +0 chain mail (severely wounded, 87% to hit)
The searing ray hits the orc priest but does no damage.
The orc priest is severely wounded. (Press . to maintain the ray.)
The orc priest hits you with a +0 dagger.
The searing ray hits the orc priest.
The orc priest is almost dead.
The orc priest calls down the wrath of Beogh upon you.
Pain shoots through your body!
You die...

#. ########## .#. #)
#........##.#. #.
........... oo #.
..........# o# #.
..........# .# #.
#...........# )## #.
#...........##).####.
#.
#.........@o.........
#.
#..........###..###.
#. ###..........# .#
#. .............# .#
#. #............# #
#. #............# #.#
#. #.......####.# ..
#. #.......# #.# ##.#
#####. #.......# #.#
... ......


You could see an orc priest.

Vanquished Creatures
  A sky beast (D:4)
  An ice beast (D:4)
  An ogre (D:4)
  A kobold brigand (D:4)
  3 scorpions (D:5)
  An orc priest (D:5)
  2 hounds
  A jelly (D:5)
  2 iguanas (D:5)
  4 orc wizards (D:5)
  10 adders
  3 river rats (Sewer)
  A white imp (D:5)
  An ufetubus (D:4)
  4 worms (D:4)
  3 dart slugs
  10 orcs
  4 endoplasms
  2 giant cockroaches
  6 goblins
  3 hobgoblins
  7 jackals (D:1)
  10 quokkas
  12 ball pythons
  8 bats
  6 frilled lizards
  10 kobolds
  12 rats
129 creatures vanquished.

Vanquished Creatures (others)
  A plant (D:3)
1 creature vanquished.

Grand Total: 130 creatures vanquished

Notes
Turn   | Place    | Note
-------+----------+-------------------------------------------
     0 | D:1      | jimonade the Deep Elf Conjurer began the quest for the Orb.
     0 | D:1      | Reached XP level 1. HP: 10/10 MP: 6/6
   195 | D:1      | Reached XP level 2. HP: 15/15 MP: 5/8
   440 | D:1      | Reached skill level 5 in Conjurations
  1039 | D:1      | Reached skill level 1 in Ranged Weapons
  1439 | D:2      | Reached XP level 3. HP: 10/19 MP: 7/9
  1845 | D:1      | Learned a level 2 spell: Searing Ray
  2228 | D:2      | Reached XP level 4. HP: 24/24 MP: 6/11
  3773 | D:4      | Found a glowing drain.
  3814 | Sewer    | Entered a sewer
  4177 | Sewer    | Reached XP level 5. HP: 28/28 MP: 10/12
  4225 | Sewer    | Reached skill level 1 in Fighting
  4770 | D:4      | Noticed an ice beast
  5042 | D:4      | Noticed an ogre
  5048 | D:4      | Killed an ogre
  5049 | D:4      | Reached XP level 6. HP: 34/34 MP: 8/15
  5266 | D:4      | Noticed a sky beast
  5274 | D:4      | Killed a sky beast
  5275 | D:4      | Reached skill level 5 in Spellcasting
  5275 | D:4      | Reached skill level 6 in Conjurations
  5477 | D:4      | Found Cymipt's Magic Scroll Shop.
  5512 | D:4      | Bought a scroll of magic mapping for 75 gold pieces
  5512 | D:4      | Bought a scroll of teleportation for 30 gold pieces
  5920 | D:4      | Killed an ice beast
  5921 | D:4      | Reached XP level 7. HP: 40/40 MP: 4/18
  6038 | D:5      | Entered Level 5 of the Dungeon
  6201 | D:5      | Found a hide-covered altar of Uskayaw.
  6510 | D:5      | Reached skill level 7 in Conjurations
  6636 | D:5      | Identified the +2 whip of Bloodstone {protect, Dex+2
                  | Stlth+}
  7383 | D:5      | Found a shadowy altar of Dithmenos.
  7466 | D:5      | Reached XP level 8. HP: 37/46 MP: 14/20
  7482 | D:5      | Killed from afar by an orc priest

Illustrated notes

Levels and vault maps discovered:
D:1:      dpeg_arrival_tiny_j, layout_rooms
D:2:      layout_loops_ring, wad_floor_pattern_1, roderic_nine_men_s_morris
D:3:      layout_loops_ring, saegor_snake_ambush
D:4:      layout_gridville, serial_shops, shop_statue, gup_sewer_entry_bubbles
D:5:      black_bear_nest_2, layout_basic, mainiacjoe_overflow_brackets,
          mainiacjoe_overflow_24_doors, hangedman_minor_gate_pass,
          uniq_blork_the_orc

Skill      XL: |  1  2  3  4  5  6  7 |
---------------+----------------------+-----
Conjurations   | 5 6 7 |  7.0
Ranged Weapons | 1 2 4 |  4.8
Dodging        | 3 |  3.5
Fighting       | 1 2 3 |  3.2
Spellcasting   | 4 6 |  6.8
Armour         | |  0.8
Stealth        | |  2.4

Action                   |  1- 3 |  4- 6 |  7- 9 || total
-------------------------+-------+-------+-------++-------
Melee: Dagger            |     1 |       |       ||     1
       Short sword       |       |     5 |       ||     5
 Fire: Sling             |    65 |       |    53 ||   118
 Cast: Magic Dart        |    40 |   110 |       ||   150
       Searing Ray       |       |    15 |    18 ||    33
  Use: Scroll            |       |     6 |       ||     6
 Stab: Sleeping          |     1 |     2 |       ||     3
Armor: Robe              |    15 |       |       ||    15
       Swamp dragon scal |    11 |    17 |    10 ||    38
Dodge: Dodged            |    66 |    16 |     5 ||    87
Block: Other             |       |     6 |     5 ||    11
       Reflection        |       |     1 |     1 ||     2

Table legend: (Time is in decaauts)
 A = Elapsed time spent in this place.
 B = Non-inter-level travel time spent in this place.
 C = Inter-level travel time spent in this place.
 D = Time resting spent in this place.
 E = Time spent auto-exploring this place.
 F = Levels seen in this place.
 G = Mean time per level.
                   A        B        C        D        E       F      G
               +--------+--------+--------+--------+--------+-----+--------+
         Total |   7629 |   7508 |    121 |   2183 |   4070 |   6 | 1271.5 |
       Dungeon |   6672 |   6551 |    121 |   1692 |   3826 |   5 | 1334.4 |
         Sewer |    956 |    956 |      0 |    491 |    244 |   1 |  956.0 |
               +--------+--------+--------+--------+--------+-----+--------+

Top non-repeatable levels by time:
     D:1: 1806 daAuts
     D:5: 1467 daAuts
     D:4: 1428 daAuts
     D:3: 989 daAuts
     D:2: 980 daAuts
   Sewer: 956 daAuts
